 Dungeon Crawl Stone Soup version 0.31.0-2-g5a2aebc5c2 (webtiles) character file.

Game seed: 9716461502413051460

28305 stipulation the Brawler (level 13, -7/102 HPs)
             Began as a Ghoul Monk on Jan 21, 2024.
             Was a High Priest of Wu Jian.
             Mangled by a death yak (22 damage)
             ... on level 3 of the Lair of Beasts.
             The game lasted 00:10:12 (13130 turns).

stipulation the Brawler (Ghoul Monk)               Turns: 13130, Time: 00:10:13

Health: -7/102     AC: 15    Str: 20    XL:     13   Next: 38%
Magic:  13/13      EV:  9    Int:  9    God:    Wu Jian [*****.]
Gold:   670        SH:  5    Dex: 11    Spells: 12/12 levels left

rFire   . .          .
                       - Unarmed
rCold   + . .        c - orb {light}
rNeg    + + +        C - +0 chain mail
rPois   ∞            j - +2 hat
rElec   .            p - +0 cloak
rCorr   .            (no gloves)
SInv    .            o - +0 pair of boots
Will    .....        v - amulet of reflection Stlth
                     (no ring)
HPRegen 0.00/turn    (no ring)
MPRegen 0.13/turn

%: reflection
@: exhausted, inhibited regen, glowing
A: claws 1, cold resistance 1, negative energy resistance 3, inhibited
regeneration, torment resistance 2, devour on kill
a: Renounce Religion, Wall Jump, Serpent's Lash, Heavenly Storm


You were on level 3 of the Lair of Beasts.
You worshipped Wu Jian.
Wu Jian was extremely pleased with you.
You visited 2 branches of the dungeon, and saw 13 of its levels.

You collected 670 gold pieces.

Inventory:

Missiles
 y - 2 throwing nets
Armour
 a - a +0 kite shield
 c - an orb of light (worn)
 j - a +2 hat (worn)
 o - a +0 pair of boots (worn)
 p - a +0 cloak (worn)
 C - a +0 chain mail (worn)
Jewellery
 m - a ring of magical power
 v - an amulet of reflection (around neck)
 J - a +6 ring of intelligence
Wands
 i - a wand of acid (6)
 t - a wand of iceblast (10) (quivered)
 B - a wand of paralysis (11)
Scrolls
 d - 5 scrolls of immolation {unknown}
 f - 2 scrolls of teleportation {unknown}
 g - 4 scrolls of poison
 h - 2 scrolls of revelation {unknown}
 k - 2 scrolls of vulnerability
 q - 5 scrolls of blinking {unknown}
 r - 2 scrolls of enchant weapon {unknown}
 w - a scroll of fear {unknown}
 G - a scroll of butterflies {unknown}
 H - 2 scrolls of silence
 I - a scroll of acquirement {unknown}
Potions
 b - a potion of ambrosia
 e - 7 potions of curing
 l - a potion of might
 n - a potion of brilliance {unknown}
 u - a potion of enlightenment {unknown}
 z - a potion of magic {unknown}
 D - 2 potions of heal wounds {unknown}
 E - 2 potions of attraction {unknown}
 K - a potion of invisibility {unknown}
Miscellaneous
 F - a box of beasts


   Skills:
 - Level 6.0 Fighting
 + Level 8.1 Armour
 - Level 2.6 Dodging
 - Level 6.0 Shields
 + Level 20.3 Unarmed Combat


You had 12 spell levels left.
You didn't know any spells.
Your spell library contained the following spells:

 Spells                   Type           Power      Damage    Failure   Level
 Ensorcelled Hibernation  Hex/Ice        0%         N/A       98%         2
 Lesser Beckoning         Tloc           0%         N/A       98%         2
 Fugue of the Fallen      Necr           0%         N/A       100%        3
 Gell's Gravitas          Tloc           0%         N/A       100%        3
 Stone Arrow              Conj/Erth      0%         3d7       100%        3
 Teleport Other           Tloc           0%         N/A       100%        3
 Anguish                  Hex/Necr       0%         N/A       100%        4
 Animate Armour           Summ/Erth      0%         N/A       100%        4
 Lehudib's Crystal Spear  Conj/Erth      0%         10d2      100%        8


Dungeon Overview and Level Annotations

Branches:
Dungeon (10/15)            Temple (0/1) D:6            Lair (3/5) D:9
 Spider (0/4) Lair:3          Orc (0/2) D:10
  Swamp: Lair:2-3    Shoals: Lair:2-3

Altars:
Dithmenos
Wu Jian

Annotations:
D:9 2 transporters


Innate Abilities, Weirdness & Mutations

You are immune to poison.
You have sharp fingernails.
Your flesh is cold resistant. (rC+)
You are immune to negative energy. (rN+++)
You do not regenerate when monsters are visible.
You are immune to unholy pain and torment.
You thrive by killing the living.


Message History

The Council accepts your kill.
Your Armour skill increases to level 8!
The death yak gores you but does no damage.
The death yak gores you!
You scratch the black mamba.
The black mamba is lightly wounded.
The death yak gores you but does no damage.
The death yak gores you!!
* * * LOW HITPOINT WARNING * * *
The black mamba bites you but does no damage.
Your muscles tense, ready for explosive movement...
Aiming: Wall Jump
Press: ? - help, Dir - move target You repeatedly attack the death yak from above, with incredible momentum.
You claw the death yak!
The death yak is lightly wounded.
You scratch the death yak.
The death yak is lightly wounded.
You scratch the death yak.
The death yak is lightly wounded.
You repeatedly attack the black mamba from above, with incredible momentum.
You mangle the black mamba!!
The black mamba is heavily wounded.
You eviscerate the black mamba!!!
You blow up the black mamba!
The Council accepts your kill.
You repeatedly attack the death yak from above, with incredible momentum.
You scratch the death yak but do no damage.
You scratch the death yak.
The death yak is lightly wounded.
You eviscerate the death yak!!!
The death yak is severely wounded.
Your supernatural speed expires.
You spin and attack the death yak repeatedly.
You claw the death yak!
The death yak is severely wounded.
You scratch the death yak.
The death yak is almost dead.
The death yak gores you!!
You die...

##..#...#^.#
#...####.#.######
##..###.#.#..†#.##
##..#.#...†..^..#
#.......#....>##
#..#.#..^....##
#..##.#.##.†##
#.####Y###.##
..##.○Y@.###
...##.○.°.#
.......°○°†#
.....###...#..# ..
##.##..# . ##. ..#
# .# .#


You could see 2 death yaks.

Vanquished Creatures
  4 two-headed ogres
  9 death yaks
  A lindwurm (Lair:3)
  Pikel (D:8)
  An orc knight (D:10)
  5 black mambas
  4 elephants (Lair:3)
  3 cane toads
  A rime drake (Lair:1)
  4 komodo dragons
  A polar bear (Lair:2)
  A troll (D:10)
  7 blink frogs
  2 wyverns
  A spriggan (Lair:2)
  4 culicivoras (Lair:3)
  4 water elementals (D:10)
  2 wraiths (D:9)
  26 yaks
  A warg (D:9)
  3 basilisks (Lair:1)
  A steam dragon (D:10)
  3 water moccasins
  3 orc warriors
  8 black bears
  A sky beast (D:7)
  An ogre (D:7)
  18 wolves
  5 centaurs
  A phantom (D:6)
  3 lemures (D:8)
  A kobold brigand (D:9)
  8 bullfrogs
  2 scorpions
  A gnoll sergeant (D:8)
  9 wights
  6 killer bees (D:10)
  3 howler monkeys
  2 electric eels (D:10)
  2 bombardier beetles
  5 hounds
  A jelly (D:6)
  7 orc priests
  A sleepcap (D:6)
  A gnoll bouda (D:9)
  4 hell rats (Lair:1)
  3 iguanas
  11 orc wizards
  10 gnolls
  10 adders
  2 white imps
  2 ufetubi (D:5)
  3 dart slugs
  3 ribbon worms
  38 orcs
  7 ball pythons
  6 endoplasms
  2 giant cockroaches
  11 goblins
  7 hobgoblins
  3 quokkas
  7 bats
  4 frilled lizards
  13 kobolds
  13 rats
337 creatures vanquished.

Notes
Turn   | Place    | Note
-------+----------+-------------------------------------------
     0 | D:1      | stipulation the Ghoul Monk began the quest for the Orb.
     0 | D:1      | Reached XP level 1. HP: 19/19 MP: 1/1
   159 | D:1      | Found a faded altar of an unknown god.
   210 | D:1      | Reached XP level 2. HP: 26/26 MP: 2/2
   223 | D:1      | Reached skill level 4 in Unarmed Combat
   659 | D:1      | Reached XP level 3. HP: 30/31 MP: 3/3
  1194 | D:2      | Reached skill level 5 in Unarmed Combat
  1256 | D:2      | Reached XP level 4. HP: 37/38 MP: 4/4
  1601 | D:2      | Found a shadowy altar of Dithmenos.
  1926 | D:3      | Reached skill level 6 in Unarmed Combat
  1926 | D:3      | Reached XP level 5. HP: 38/45 MP: 5/5
  2820 | D:4      | Noticed a black bear
  2831 | D:4      | Killed a black bear
  2832 | D:4      | Reached skill level 7 in Unarmed Combat
  2832 | D:4      | Reached XP level 6. HP: 43/51 MP: 6/6
  2871 | D:4      | Noticed a black bear
  2880 | D:4      | Killed a black bear
  2881 | D:4      | Reached skill level 8 in Unarmed Combat
  3053 | D:4      | Found an ornate altar of the Wu Jian Council.
  3299 | D:4      | Reached XP level 7. HP: 57/57 MP: 7/7
  3378 | D:4      | Became a worshipper of the Wu Jian Council
  3378 | D:4      | Reached * piety under Wu Jian
  3378 | D:4      | Reached ** piety under Wu Jian
  3677 | D:5      | Entered Level 5 of the Dungeon
  3950 | D:5      | Reached skill level 9 in Unarmed Combat
  4726 | D:6      | Reached skill level 10 in Unarmed Combat
  4811 | D:6      | Reached XP level 8. HP: 63/63 MP: 8/8
  4892 | D:6      | Found a staircase to the Ecumenical Temple.
  5037 | D:6      | Reached skill level 11 in Unarmed Combat
  5490 | D:7      | Noticed a wyvern
  5495 | D:7      | Killed a wyvern
  5496 | D:7      | Reached skill level 12 in Unarmed Combat
  5702 | D:7      | Reached XP level 9. HP: 31/70 MP: 9/9
  6429 | D:7      | Reached skill level 13 in Unarmed Combat
  6539 | D:8      | Noticed Pikel
  6548 | D:8      | Killed Pikel
  6639 | D:8      | Reached skill level 14 in Unarmed Combat
  6762 | D:8      | Noticed a two-headed ogre
  6771 | D:8      | Killed a two-headed ogre
  6917 | D:8      | Identified the +9 quarterstaff "Jithroeco" {heavy, Int+3
                  | Dex+2}
  6919 | D:8      | Reached skill level 15 in Unarmed Combat
  6921 | D:8      | Reached XP level 10. HP: 77/77 MP: 10/10
  6939 | D:8      | Reached *** piety under Wu Jian
  7599 | D:9      | Reached skill level 1 in Armour
  7599 | D:9      | Reached skill level 1 in Shields
  7838 | D:9      | Found a transporter.
  7872 | D:9      | Found a staircase to the Lair.
  7984 | D:9      | Found a transporter.
  8025 | D:9      | Noticed a two-headed ogre
  8033 | D:9      | Killed a two-headed ogre
  8033 | D:9      | Reached **** piety under Wu Jian
  8308 | D:9      | Reached skill level 16 in Unarmed Combat
  8466 | D:10     | Entered Level 10 of the Dungeon
  8466 | D:10     | Noticed a two-headed ogre
  8472 | D:10     | Killed a two-headed ogre
  8622 | D:10     | Reached XP level 11. HP: 44/82 MP: 11/11
  8862 | D:10     | Noticed a two-headed ogre
  8870 | D:10     | HP: 1/82 [two-headed ogre/+0 giant spiked club (4)]
  8871 | D:10     | Killed a two-headed ogre
  9261 | D:10     | Reached skill level 5 in Armour
  9262 | D:10     | Reached skill level 5 in Shields
  9887 | D:10     | Noticed an orc knight
  9897 | D:10     | Killed an orc knight
  9904 | D:10     | Found a staircase to the Orcish Mines.
 10163 | Lair:1   | Entered Level 1 of the Lair of Beasts
 10353 | Lair:1   | Reached skill level 17 in Unarmed Combat
 10773 | Lair:1   | Reached XP level 12. HP: 89/89 MP: 12/12
 10826 | Lair:1   | Reached skill level 18 in Unarmed Combat
 10977 | Lair:1   | Noticed a death yak
 10977 | Lair:1   | Noticed a death yak
 10977 | Lair:1   | Noticed a death yak
 10978 | Lair:1   | Noticed a death yak
 10978 | Lair:1   | Noticed a death yak
 10979 | Lair:1   | Noticed a death yak
 11004 | Lair:1   | Killed a death yak
 11012 | Lair:1   | Killed a death yak
 11018 | Lair:1   | Killed a death yak
 11024 | Lair:1   | Killed a death yak
 11027 | Lair:1   | Killed a death yak
 11031 | Lair:1   | Killed a death yak
 11032 | Lair:1   | Reached skill level 19 in Unarmed Combat
 11034 | Lair:1   | Reached ***** piety under Wu Jian
 12099 | Lair:2   | Reached skill level 5 in Fighting
 12137 | Lair:2   | Reached XP level 13. HP: 88/100 MP: 13/13
 12736 | Lair:3   | Reached skill level 20 in Unarmed Combat
 13091 | Lair:3   | Found a hole to the Spider Nest.
 13130 | Lair:3   | Mangled by a death yak

Illustrated notes

Levels and vault maps discovered:
D:1:      minmay_arrival_loop, layout_loops_corners,
          shapermc_ecumenical_altar_notcrosses, dreamdust_princess_bridge,
          serial_park_tiny_pond
D:2:      layout_basic, basic_altar, serial_corexii_hall,
          chequers_hall_statues_y, corexii_hall_statues_i,
          corexii_hall_statues_u, minmay_close_crescents
D:3:      layout_basic, hex_large
D:4:      layout_basic, nicolae_wu_jian_immortal_techniques,
          minmay_increasing_density
D:5:      layout_loops_corners
D:6:      layout_basic, temple_green
D:7:      layout_rooms, enter_bailey_3, serial_co_window_serial,
          co_window_corner_a, co_window_paths_a, co_window_paths_a,
          co_window_corner_a, co_window_of_opportunity_a, co_window_paths_b,
          co_window_corner_a, co_window_paths_b, co_window_corner_a,
          co_window_broadway_b, co_window_paths_c, co_window_corner_cb,
          glass_columns_a, glass_columns_b, glass_columns_a, glass_columns_a,
          glass_columns_a
D:8:      layout_loops_ring, uniq_pikel
D:9:      layout_stronghold, erik_lair_orcish_takeover, nicolae_diode_stairs
D:10:     layout_small_grid, erik_orc_2, nicolae_underground_beach
Lair:1:   layout_concentric_octagons, grunt_megastairs_1
Lair:2:   layout_long_grid, grunt_forest_stairs_clearing
Lair:3:   nzn_motion_control, layout_regular_city, elwin_shoals_entry_rooms,
          hellmonk_spider_entry_life_and_decay, ebering_ghost_disaster_area,
          portal_ice_cave_demonic_guard, nicolae_volcano_entry_batcave

Skill      XL: |  1  2  3  4  5  6  7  8  9 10 11 12 13 |
---------------+----------------------------------------+-----
Unarmed Combat | 4 5 6 7 8 10 12 15 16 17 19 20 | 20.3
Armour         | 4 6 8 |  8.1
Shields        | 4 6 |  6.0
Fighting       | 5 6 |  6.0
Dodging        | |  2.6

Action                     |  1- 3 |  4- 6 |  7- 9 | 10-12 | 13-15 || total
---------------------------+-------+-------+-------+-------+-------++-------
  Melee: Unarmed           |    90 |    90 |   201 |   582 |   117 ||  1080
 Invoke: Serpent's Lash    |       |       |       |     9 |     1 ||    10
Ability: Lunge             |       |       |    16 |    43 |     3 ||    62
         Whirlwind         |       |       |    10 |    76 |    10 ||    96
         Wall Jump         |       |       |       |    12 |     2 ||    14
  Evoke: Wand              |       |       |       |     1 |       ||     1
    Use: Scroll            |       |       |       |     8 |     1 ||     9
 Armour: Robe              |    48 |    13 |       |       |       ||    61
         Ring mail         |       |    42 |   106 |    13 |       ||   161
         Chain mail        |       |       |       |   333 |    85 ||   418
  Dodge: Dodged            |    40 |    51 |    93 |   154 |    32 ||   370
  Block: Kite shield       |       |       |       |    42 |       ||    42
